 Dungeon Crawl Stone Soup version 0.29.0-15-g675c0067aa (webtiles) character file.

Game seed: 17173784178413956866

86 qw the Sneak (level 4, 0/28 HPs)
             Began as a Gargoyle Delver on Sept 11, 2022.
             Slain by a centaur (1 damage)
             ... on level 5 of the Dungeon.
             The game lasted 00:00:05 (438 turns).

qw the Sneak (Gargoyle Delver)                       Turns: 438, Time: 00:00:05

Health: 0/28       AC:  6    Str: 17    XL:     4   Next: 49%
Magic:  4/4        EV: 11    Int: 11    God:
Gold:   13         SH:  0    Dex: 11    Spells: 3/3 levels left

rFire   . . .      SeeInvis .   a - +0 hand axe
rCold   . . .      Faith    .   (no shield)
rNeg    + . .      Spirit   .   b - +0 leather armour
rPois   inf        Reflect  .   (no helmet)
rElec   +          Harm     .   (no cloak)
rCorr   .          Rampage  .   (no gloves)
Will    .....                   (no boots)
Stlth   +++.......              (no amulet)
HPRegen 0.09/turn               (no ring)
MPRegen 0.09/turn               (no ring)

@: no status effects
A: sickness immunity, AC +3, negative energy resistance 1, electricity
resistance, torment resistance 1, petrification resistance
a: no special abilities


You were on level 5 of the Dungeon.
You visited 1 branch of the dungeon, and saw 1 of its levels.

You collected 13 gold pieces.


Innate Abilities, Weirdness & Mutations

You are immune to sickness and miasma.
Your stone body is resilient. (AC +3)
You are immune to poison.
You resist negative energy. (rN+)
You are resistant to electric shocks. (rElec)
You are resistant to unholy torment.
You are immune to petrification.


   Skills:
 - Level 3.2 Fighting
 + Level 4.2 Axes
 - Level 1.5 Dodging
 - Level 5.4 Stealth


You had 3 spell levels left.
You didn't know any spells.
Your spell library was empty.

Inventory:

Hand Weapons
 a - a +0 hand axe (weapon)
Armour
 b - a +0 leather armour (worn)
Wands
 g - a wand of digging (3)
Scrolls
 c - a scroll of fog
 d - a scroll of magic mapping
 e - a scroll of fear
Potions
 f - a potion of haste
 h - a potion of might {unknown}

Dungeon Overview and Level Annotations

Branches:
Dungeon (5/15)
 Temple: D:4-7

Altars:


Message History

The hound is almost dead.
The hound barely misses you. The hound bites you but does no damage.
You barely miss the hound.
The hound is almost dead.
The hound barely misses you. The hound bites you but does no damage.
You barely miss the hound.
The hound is almost dead.
The hound bites you but does no damage.
You closely miss the hound.
The hound is almost dead.
The hound bites you but does no damage. x2
You hit the hound.
You kill the hound!
Your Axes skill increases to level 4!
You have reached level 4!
You feel clever.
You start resting.
An adder is nearby!
252 ||| Stepping ~*~*~tactically~*~*~ (stealth).
You start resting.
HP restored.
You see here a hound corpse.
You now have 13 gold pieces.
A centaur comes into view.
The centaur shouts!
Enter note:
434 ||| Stepping ~*~*~tactically~*~*~ (hiding).
The centaur wields a +0 shortbow.
The centaur shoots an arrow.
The arrow hits you!
Found 10 gold pieces.
The centaur shoots an arrow.
The arrow hits you!
The centaur unwields a +0 shortbow.
The centaur hits you. The centaur kicks you.
You hit the centaur.
The centaur is lightly wounded.
The centaur hits you.
The centaur kicks you but does no damage.
The centaur hits you.
The centaur kicks you but does no damage.
You hit the centaur.
The centaur is moderately wounded.
The centaur barely misses you. x3; The centaur kicks you.
You die...

..# #.# #.# ###.#
.... #..#
##.###.c#
.....$.@# ####
#.#####.##.....
#......# #......#
#.#######
##########.##....#
+.................
#######.##.#..##.#
##.##.#.....


You could see a centaur.

Vanquished Creatures
  A scorpion (D:5)
  A hound (D:5)
2 creatures vanquished.

Notes
Turn   | Place    | Note
-------+----------+-------------------------------------------
     0 | D:5      | qw the Gargoyle Delver began the quest for the Orb.
     0 | D:5      | Reached XP level 1. HP: 14/14 MP: 1/1
     0 | D:5      | 0 ||| qw: Version: 0.1-a-118-gb4e7ce6
     0 | D:5      | 0 ||| qw: Game counter: 10615
     0 | D:5      | 0 ||| qw: Always use a shield: true
     0 | D:5      | 0 ||| qw: God list: Okawaru
     0 | D:5      | 0 ||| qw: Allow faded altars: false
     0 | D:5      | 0 ||| qw: Do Orc after D:15 true
     0 | D:5      | 0 ||| qw: Do second Lair branch before Depths: true
     0 | D:5      | 0 ||| qw: Lair rune preference: random
     0 | D:5      | 0 ||| qw: Plans: Normal
     0 | D:5      | 0 ||| PLANNING D:1-11
     9 | D:5      | Noticed a scorpion
    24 | D:5      | Killed a scorpion
    25 | D:5      | Reached skill level 3 in Axes
    25 | D:5      | Reached XP level 2. HP: 9/19 MP: 2/2
    25 | D:5      | Reached XP level 3. HP: 11/23 MP: 3/3
    70 | D:5      | 70 ||| Stepping ~*~*~tactically~*~*~ (stealth).
    73 | D:5      | 73 ||| Stepping ~*~*~tactically~*~*~ (stealth).
   207 | D:5      | Reached XP level 4. HP: 11/28 MP: 4/4
   252 | D:5      | 252 ||| Stepping ~*~*~tactically~*~*~ (stealth).
   433 | D:5      | Noticed a centaur
   434 | D:5      | 434 ||| Stepping ~*~*~tactically~*~*~ (hiding).
   436 | D:5      | HP: 5/28 [centaur (4)]
   437 | D:5      | HP: 1/28 [centaur (2)]
   438 | D:5      | Slain by a centaur

Levels and vault maps discovered:
D:5:      layout_basic, serial_shops, nicolae_shop_stone

Skill      XL: |  1  2  3 |
---------------+----------+-----
Axes           | 3 4 |  4.2
Fighting       | |  3.2
Dodging        | |  1.5
Stealth        | |  5.4

Action                   |  1- 3 |  4- 6 || total
-------------------------+-------+-------++-------
Melee: Hand axe          |    22 |     2 ||    24
Armor: Leather armour    |    10 |     2 ||    12
Dodge: Dodged            |    13 |     3 ||    16

Table legend:
 A = Non-vault XP
 B = Vault XP
 C = Vault XP percentage of total XP
 D = Non-vault monster count
 E = Vault monster count
 F = Vault count percentage of total count
                 A         B        C        D         E       F
            +---------+---------+-------+---------+---------+-------
      Total |     123 |       0 |   0.0 |       2 |       0 |   0.0
            +---------+---------+-------+---------+---------+-------
        D:5 |     123 |       0 |   0.0 |       2 |       0 |   0.0
            +---------+---------+-------+---------+---------+-------
